General information
			
			
        
        - name: BNet
 
        - type: Ladder 1vs1/FFA
 
        - host: Battle.net
 
        - saver: w00tah.com
 
        
map: TidewaterGlades 
        - players: 2
 
        - length: 30:36
 
        - speed: Fast
 - version: 1.22 W3XP
 - replay type:  Public
 
» download(76 KB)
Players
        team 1 (loser) 
              
              
» 
ShadowAngel (
pink | 32 APM | 975 actions | 30:34)
              
 6 Dark Ranger 
 2 Black Arrow
 3 Life Drain
 1 Charm
 6 Death Knight 
 3 Death Coil
 2 Unholy Aura
 1 Animate Dead
 
                » actions 
                
                | Assign group hotkey | 11 |  | 
| Basic commands | 1 |  | 
| Build / train | 65 |  | 
| Enter build submenu | 24 |  | 
| Enter hero's abilities submenu | 13 |  | 
| Give item / drop item | 4 |  | 
| Remove unit from queue | 4 |  | 
| Right click | 449 |  | 
| Select / deselect | 320 |  | 
| Select group hotkey | 27 |  | 
| Use ability | 57 |  | 
                975 total
 » units 
                
                | Acolyte | 4 |  | 
| Ghoul | 6 |  | 
| Crypt Fiend | 4 |  | 
| Frost Wyrm | 11 |  | 
| Gargoyle | 10 |  | 
                35 total
 » upgrades
                
                | Freezing Breath | 1 |  | 
| Web | 1 |  | 
| Creature Attack | 2 |  | 
                4 total
 » buildings
                
                | Altar of Darkness | 1 |  | 
| Crypt | 2 |  | 
| Ziggurat | 12 |  | 
| Graveyard | 1 |  | 
| Spirit Tower | 5 |  | 
| Halls of the Dead | 1 |  | 
| Black Citadel | 1 |  | 
| Sacrificial Pit | 1 |  | 
| Nerubian Tower | 1 |  | 
| Boneyard | 2 |  | 
| Tomb of Relics | 1 |  | 
                28 total
 » build order
                00:12 Altar of Darkness
00:17 Crypt
00:38 Ziggurat
01:07 Graveyard
02:07 Ziggurat
02:48 Spirit Tower
03:27 Spirit Tower
03:31 Halls of the Dead
04:54 Ziggurat
05:03 Crypt
05:06 Ziggurat
06:21 Black Citadel
06:55 Spirit Tower
07:09 Sacrificial Pit
07:40 Nerubian Tower
08:54 Boneyard
09:11 Boneyard
10:17 Ziggurat
10:27 Ziggurat
12:58 Ziggurat
22:26 Ziggurat
22:31 Ziggurat
22:32 Ziggurat
22:36 Ziggurat
22:38 Ziggurat
26:59 Tomb of Relics
27:17 Spirit Tower
29:39 Spirit Tower
 
               team 2 (winner) 
              
              
w00tah.com (
green | 39 APM | 1190 actions | 30:36)
              
 6 Dark Ranger 
 3 Black Arrow
 2 Silence
 1 Charm
 4 Mountain King 
 2 Storm Bolt
 2 Bash
 1 Archmage 
 1 Brilliance Aura
 
                » actions 
                
                | Assign group hotkey | 25 |  | 
| Basic commands | 51 |  | 
| Build / train | 90 |  | 
| Enter build submenu | 26 |  | 
| Enter hero's abilities submenu | 12 |  | 
| Give item / drop item | 2 |  | 
| Remove unit from queue | 1 |  | 
| Right click | 363 |  | 
| Select / deselect | 457 |  | 
| Select group hotkey | 70 |  | 
| Use ability | 91 |  | 
                1190 total
 » units 
                
                | Peasant | 15 |  | 
| Footman | 10 |  | 
| Priest | 6 |  | 
| Sorceress | 6 |  | 
| Dragonhawk Rider | 15 |  | 
| Knight | 7 |  | 
| Mortar Team | 3 |  | 
                62 total
 » upgrades
                
                | Masonry | 2 |  | 
| Priest Training | 1 |  | 
| Animal War Training | 1 |  | 
| Cloud | 1 |  | 
| Lumber Harvesting | 1 |  | 
                6 total
 » buildings
                
                | Barracks | 1 |  | 
| Farm | 11 |  | 
| Altar of Kings | 1 |  | 
| Arcane Vault | 1 |  | 
| Keep | 1 |  | 
| Blacksmith | 1 |  | 
| Lumber Mill | 1 |  | 
| Castle | 1 |  | 
| Arcane Sanctum | 2 |  | 
| Gryphon Aviary | 1 |  | 
| Town Hall | 3 |  | 
| Scout Tower | 7 |  | 
| Guard Tower | 1 |  | 
| Workshop | 1 |  | 
                33 total
 » build order
                00:06 Barracks
00:21 Farm
00:33 Altar of Kings
00:50 Farm
02:50 Farm
02:51 Farm
03:40 Arcane Vault
05:14 Keep
05:21 Blacksmith
05:25 Lumber Mill
08:32 Castle
08:36 Arcane Sanctum
08:40 Arcane Sanctum
08:44 Gryphon Aviary
09:45 Farm
09:47 Farm
09:48 Farm
09:51 Farm
09:56 Farm
10:04 Farm
10:05 Farm
13:58 Town Hall
14:01 Scout Tower
14:02 Scout Tower
14:02 Scout Tower
14:03 Scout Tower
14:04 Scout Tower
14:05 Scout Tower
14:05 Scout Tower
15:41 Guard Tower
19:54 Workshop
20:53 Town Hall
23:10 Town Hall
» items
                
                | Scroll of Regeneration | 1 |  | 
| Boots of Speed | 1 |  | 
| Scroll of Town Portal | 1 |  | 
| Staff of Sanctuary | 1 |  | 
                4 total
  
                Chat log
          
(04:14 / All) w00tah.com: oh shit, you messed with my schedule
(04:20 / All) w00tah.com: i left my rally on gold, and now i look like a noob
(04:27 / All) ShadowAngel: ha ha
(04:38 / All) ShadowAngel: damn -_-
(16:19 / All) w00tah.com: my mouse died, pause
(16:24 / All) w00tah.com: ok, resume
(30:27 / All) ShadowAngel: gg
(30:28 / All) w00tah.com: gg